[Event "Titled Tuesday Blitz October 04 Late 2022"]
[White "Andreikin, Dmitry"]
[Black "Preotu, Razvan"]
[WhiteFideId "4158814"]
[BlackFideId "2613280"]
[WhiteElo "2736"]
[BlackElo "2407"]
[Result "1-0"]
[Round "10"]
[TimeControl "180+1"]
[Date "2022.10.04"]
[WhiteClock "0:02:00"]
[BlackClock "0:00:32"]

1. Nf3 c5 2. c4 Nc6 3. Nc3 g6 4. e3 Nf6 5. d4 cxd4 6. exd4 d5 7. cxd5 Nxd5 8. Qb3 Nxc3 9. Bc4 Nd5 10. Bxd5 e6 11. Bxc6+ bxc6 12. O-O Qd5 13. Be3 f6 14. Rfc1 Be7 15. Nd2 Qxb3 16. Nxb3 Bd7 17. Na5 Rc8 18. Rc4 Kf7 19. Rac1 Rb8 20. b3 Ba3 21. R1c2 Rhc8 22. Nxc6 Ra8 23. f3 Ke8 24. Kf2 Rc7 25. Bf4 Rcc8 26. h4 a5 27. Nxa5 1-0


[Site "https://www.chess.com"]

[Event "Titled Tuesday Blitz October 04 Late 2022"]
[White "Barria Zuniga, Daniel"]
[Black "Kozak, Adam"]
[WhiteFideId "3400816"]
[BlackFideId "753246"]
[WhiteElo "2414"]
[BlackElo "2459"]
[Result "1/2-1/2"]
[Round "10"]
[TimeControl "180+1"]
[Date "2022.10.04"]
[WhiteClock "0:00:02"]
[BlackClock "0:00:02"]

1. d4 Nf6 2. c4 e6 3. Nf3 d5 4. Nc3 Nbd7 5. c5 b6 6. c6 Nb8 7. Qa4 a6 8. Bg5 Be7 9. e3 O-O 10. Rc1 h6 11. Bxf6 Bxf6 12. Bd3 Qd6 13. Ne2 a5 14. O-O Na6 15. a3 Qe7 16. Bb1 g6 17. Rfe1 Rb8 18. e4 b5 19. Qxa5 dxe4 20. Bxe4 Bg7 21. Bd3 Rb6 22. Bxb5 Qd6 23. Nc3 Rd8 24. Rcd1 Nb8 25. Ne5 Qe7 26. d5 Bxe5 27. Rxe5 Qf6 28. Rde1 Qg7 29. Qa7 f6 30. Rxe6 Bxe6 31. dxe6 Qe7 32. a4 Nxc6 33. Bxc6 Rxc6 34. a5 Rxe6 35. Rxe6 Qxe6 36. g3 Qc6 37. Qe3 Re8 38. Qd2 h5 39. h4 Kg7 40. b4 Re7 41. b5 Qd7 42. Qb2 Qf5 43. a6 Qc5 44. Qb3 Re8 45. Nd5 Re1+ 46. Kg2 Qc1 47. Qf3 Rg1+ 48. Kh2 f5 49. Qe2 Rh1+ 50. Kg2 Rg1+ 51. Kh2 Rh1+ 52. Kg2 Rg1+ 53. Kh2 1/2-1/2


[Site "https://www.chess.com"]

[Event "Titled Tuesday Blitz October 04 Late 2022"]
[White "Bluebaum, Matthias"]
[Black "Howell, David W L"]
[WhiteFideId "24651516"]
[BlackFideId "410608"]
[WhiteElo "2633"]
[BlackElo "2567"]
[Result "1-0"]
[Round "10"]
[TimeControl "180+1"]
[Date "2022.10.04"]
[WhiteClock "0:00:19"]
[BlackClock "0:00:01"]

1. d4 d5 2. c4 e6 3. Nc3 Nf6 4. cxd5 exd5 5. Bg5 c6 6. e3 h6 7. Bh4 Bd6 8. Bd3 O-O 9. Nf3 Re8 10. Bg3 Bg4 11. Qb3 Bxf3 12. gxf3 Bxg3 13. hxg3 Qb6 14. O-O-O Nbd7 15. Qc2 c5 16. Bf5 cxd4 17. Rxd4 Ne5 18. Nxd5 Nxd5 19. Rxd5 Nxf3 20. Kb1 Qf6 21. Rhd1 Ne5 22. f4 Nc6 23. Rd6 Qe7 24. e4 Rad8 25. e5 Rxd6 26. exd6 Qe3 27. Bd7 Nb4 28. Qc4 Qf3 29. Ba4 a5 30. a3 Nc6 31. Bb3 1-0


[Site "https://www.chess.com"]

[Event "Titled Tuesday Blitz October 04 Late 2022"]
[White "Czernek, Tymon"]
[Black "Bilych, Olexiy"]
[WhiteFideId "1199510"]
[BlackFideId "14156504"]
[WhiteElo "2240"]
[BlackElo "2320"]
[Result "0-1"]
[Round "10"]
[TimeControl "180+1"]
[Date "2022.10.04"]
[WhiteClock "0:00:17"]
[BlackClock "0:00:11"]

1. e4 e5 2. Nf3 Nc6 3. Bc4 Bc5 4. O-O Nf6 5. d3 O-O 6. h3 h6 7. Re1 d6 8. c3 a5 9. Nbd2 Be6 10. Bb3 Re8 11. Nf1 d5 12. Qc2 Qd6 13. Ng3 Rad8 14. Nh4 dxe4 15. dxe4 Qd3 16. Be3 Qxc2 17. Bxc2 Bxe3 18. Rxe3 Rd2 19. Rc1 Bxa2 20. Nf1 Rdd8 21. b3 a4 22. bxa4 b6 23. Nf5 Be6 24. g4 Nd7 25. Rg3 Nc5 26. g5 hxg5 27. Rxg5 g6 28. Rg3 Kh7 29. N5e3 Nd3 30. Bxd3 Rxd3 31. Nd5 Rxg3+ 32. Nxg3 Rc8 33. Rd1 Kg7 34. Ne2 Bxh3 35. f4 Bg4 36. Kf2 Bxe2 37. Kxe2 exf4 38. Nxf4 Re8 39. Ke3 f5 40. Rd7+ Kf6 41. Nd5+ Kg5 42. Rxc7 Rxe4+ 43. Kf2 Ne5 44. Nxb6 f4 45. Nd5 Rxa4 46. Nb4 Kf5 47. Rc5 Ke4 48. Rb5 g5 49. Rd5 Rxb4 50. Rxe5+ Kxe5 51. cxb4 Kd4 52. Kf3 Kc4 53. Kg4 Kxb4 54. Kxg5 f3 55. Kf4 f2 0-1


[Site "https://www.chess.com"]

[Event "Titled Tuesday Blitz October 04 Late 2022"]
[White "Demidov, Mikhail"]
[Black "Martinez Alcantara, Jose Eduardo"]
[WhiteFideId "4197143"]
[BlackFideId "3805662"]
[WhiteElo "2520"]
[BlackElo "2703"]
[Result "0-1"]
[Round "10"]
[TimeControl "180+1"]
[Date "2022.10.04"]
[WhiteClock "0:00:04"]
[BlackClock "0:00:13"]

1. Nf3 c5 2. e3 Nf6 3. d4 e6 4. c4 b6 5. Bd3 Bb7 6. O-O Be7 7. Nc3 cxd4 8. exd4 d6 9. Re1 O-O 10. d5 e5 11. h3 Nbd7 12. Be3 a6 13. b4 Rc8 14. Rc1 Re8 15. Nd2 Bf8 16. Qf3 g6 17. g4 Be7 18. a3 Rf8 19. Bh6 Re8 20. Bc2 Bf8 21. Be3 b5 22. Bd3 bxc4 23. Nxc4 e4 24. Nxe4 Bxd5 25. Nxf6+ Nxf6 26. Qf4 Ne4 27. Nb6 Rxc1 28. Rxc1 Bb7 29. Nc4 Bd5 30. Nd2 Nxd2 31. Bxd2 Qh4 32. Qg3 Qe7 33. Kh2 Bg7 34. Bf4 Ba8 35. Bf1 d5 36. h4 d4 37. Rc7 Qe1 38. Bg2 Bxg2 39. Kxg2 Qe6 40. Qf3 Rd8 41. Rc6 Qe8 42. Bg5 Rc8 43. Rxa6 h6 44. Bf4 Kh7 45. Rd6 Rc3 46. Bg3 Rxf3 47. Kxf3 Qa8+ 48. Ke2 Qxa3 49. Kd2 Qxb4+ 50. Kd3 Qa3+ 51. Ke4 Qb3 52. Rd5 Qc2+ 53. Kf3 Qc6 54. Ke4 f5+ 55. gxf5 gxf5+ 56. Kxf5 Qxd5+ 57. Kg4 d3 0-1


[Site "https://www.chess.com"]

[Event "Titled Tuesday Blitz October 04 Late 2022"]
[White "Ghasi, Ameet K"]
[Black "Wieczorek, Oskar"]
[WhiteFideId "409200"]
[BlackFideId "1133950"]
[WhiteElo "2587"]
[BlackElo "2404"]
[Result "1-0"]
[Round "10"]
[TimeControl "180+1"]
[Date "2022.10.04"]
[WhiteClock "0:02:14"]
[BlackClock "0:02:04"]

1. g3 h5 2. Bg2 h4 3. g4 e6 4. h3 d5 5. c4 c5 6. Nf3 Nc6 7. cxd5 exd5 8. d4 cxd4 9. Nxd4 Bb4+ 10. Nc3 Nf6 11. Bg5 Qb6 12. Be3 Qa5 13. O-O Bxg4 14. hxg4 Nxg4 15. Nxd5 Rd8 16. Nb3 Qb5 17. Nc7+ 1-0


[Site "https://www.chess.com"]

[Event "Titled Tuesday Blitz October 04 Late 2022"]
[White "Hambleton, Aman"]
[Black "Gubajdullin, Alexei"]
[WhiteFideId "2606577"]
[BlackFideId "4141202"]
[WhiteElo "2538"]
[BlackElo "2200"]
[Result "0-1"]
[Round "10"]
[TimeControl "180+1"]
[Date "2022.10.04"]
[WhiteClock "0:00:01"]
[BlackClock "0:00:27"]

1. d4 Nf6 2. Bf4 d6 3. Nc3 Nc6 4. e4 Bg4 5. f3 e5 6. dxe5 dxe5 7. Qxd8+ Rxd8 8. Bg3 Be6 9. Bb5 Nd7 10. Bxc6 bxc6 11. Nge2 f6 12. Bf2 a5 13. O-O-O Bd6 14. b3 Ke7 15. Na4 h5 16. c4 Kf7 17. Be3 h4 18. h3 Rhe8 19. Bf2 g5 20. Kc2 Nf8 21. c5 Be7 22. Rxd8 Rxd8 23. Rd1 Ra8 24. Nc1 Ng6 25. Nd3 Rg8 26. Rd2 f5 27. exf5 Bxf5 28. Re2 Nf4 29. Re4 Bxe4 30. fxe4 Nxd3 31. Kxd3 g4 32. Ke2 gxh3 33. gxh3 Rg2 34. Kf1 Rh2 35. Nb2 Rxh3 36. Nc4 Rh1+ 37. Kg2 Ra1 38. Nxa5 Rxa2 39. Nxc6 Bxc5 40. Nxe5+ Ke6 41. Nd3 Bxf2 42. Nxf2 h3+ 43. Kg3 h2 44. Nh1 Ke5 45. Kf3 c5 46. Kg3 Kxe4 47. Kh3 Kf3 48. Ng3 Rb2 49. Nh1 Rg2 50. Kh4 Rg1 0-1


[Site "https://www.chess.com"]

[Event "Titled Tuesday Blitz October 04 Late 2022"]
[White "Ibarra Jerez, Jose Carlos"]
[Black "Amburgy, Ryan"]
[WhiteFideId "2226332"]
[BlackFideId "30924820"]
[WhiteElo "2627"]
[BlackElo "2121"]
[Result "1-0"]
[Round "10"]
[TimeControl "180+1"]
[Date "2022.10.04"]
[WhiteClock "0:01:03"]
[BlackClock "0:00:16"]

1. e4 e5 2. Nf3 Nc6 3. d4 exd4 4. Nxd4 Nf6 5. Nxc6 bxc6 6. Qe2 Bc5 7. e5 Nd5 8. c4 Nb6 9. Be3 Qe7 10. Bxc5 Qxc5 11. Nc3 Ba6 12. b3 Qa5 13. Qe3 O-O 14. O-O-O Rfe8 15. f4 d6 16. Be2 dxe5 17. f5 f6 18. g4 Rad8 19. h4 Qa3+ 20. Kc2 c5 21. g5 fxg5 22. hxg5 Rxd1 23. Rxd1 Qb4 24. Qe4 Bc8 25. f6 g6 26. Bg4 Bxg4 27. Qxg4 e4 28. Rd7 Nxc4 29. f7+ 1-0


[Site "https://www.chess.com"]

[Event "Titled Tuesday Blitz October 04 Late 2022"]
[White "Ivanisevic, Ivan"]
[Black "Machidon, Cristi"]
[WhiteFideId "912417"]
[BlackFideId "13904590"]
[WhiteElo "2582"]
[BlackElo "2312"]
[Result "1-0"]
[Round "10"]
[TimeControl "180+1"]
[Date "2022.10.04"]
[WhiteClock "0:01:33"]
[BlackClock "0:01:06"]

1. d4 d5 2. c4 c6 3. Nf3 Nf6 4. Nc3 e6 5. Bg5 h6 6. Bh4 dxc4 7. e4 g5 8. Bg3 b5 9. Be2 Nbd7 10. d5 Bb4 11. dxe6 fxe6 12. O-O Bxc3 13. bxc3 Nc5 14. Nd4 Ncxe4 15. Bh5+ Kf8 16. Bf3 Nxg3 17. fxg3 Kg7 18. Qe2 Nd5 19. Bxd5 cxd5 20. Qe5+ Kg8 21. Rf6 Qe7 22. Raf1 Bd7 23. Rg6+ Kh7 24. Rff6 1-0


[Site "https://www.chess.com"]

[Event "Titled Tuesday Blitz October 04 Late 2022"]
[White "Jeet, Jain"]
[Black "Bazeev, German"]
[WhiteFideId "5073022"]
[BlackFideId "24119350"]
[WhiteElo "2067"]
[BlackElo "2493"]
[Result "0-1"]
[Round "10"]
[TimeControl "180+1"]
[Date "2022.10.04"]
[WhiteClock "0:00:06"]
[BlackClock "0:00:52"]

1. Nf3 Nf6 2. b3 d5 3. Bb2 c6 4. e3 Bg4 5. Be2 Nbd7 6. d4 e6 7. Nbd2 Bd6 8. h3 Bf5 9. O-O h6 10. c4 a5 11. a3 O-O 12. Ne5 Qe7 13. f4 Ne4 14. Nxe4 Bxe4 15. Bd3 Bxd3 16. Qxd3 Bxe5 17. fxe5 a4 18. cxd5 cxd5 19. b4 f5 20. Rac1 Nb6 21. Bc3 Nc4 22. Be1 b5 23. Bg3 Rac8 24. Kh1 Rc6 25. Bh2 Rcc8 26. Rc2 g5 27. Rcf2 Qh7 28. g4 f4 29. Qxh7+ Kxh7 30. exf4 Nxa3 31. f5 Nc4 32. h4 Ne3 33. Rg1 exf5 34. gxf5 Rxf5 35. Re2 Nf1 36. e6 Nxh2 37. Kxh2 Kg7 38. e7 Kf7 39. Rge1 Re8 40. Kg3 Rf4 41. hxg5 hxg5 42. Re5 Re4 43. R1xe4 dxe4 44. Rxb5 Rxe7 45. Kf2 Ra7 46. Rxg5 a3 47. Rg1 a2 48. Ra1 Ke6 49. Ke3 Kd5 50. b5 Ra3+ 51. Kd2 Rh3 52. Kc2 Kc4 53. Rxa2 Rh2+ 54. Kb1 Rh1+ 55. Kc2 e3 0-1


[Site "https://www.chess.com"]

[Event "Titled Tuesday Blitz October 04 Late 2022"]
[White "Jobava, Baadur"]
[Black "Rasulov, Vugar"]
[WhiteFideId "13601520"]
[BlackFideId "13402390"]
[WhiteElo "2582"]
[BlackElo "2509"]
[Result "0-1"]
[Round "10"]
[TimeControl "180+1"]
[Date "2022.10.04"]
[WhiteClock "0:00:02"]
[BlackClock "0:00:14"]

1. b3 a5 2. Bb2 a4 3. e3 Nf6 4. Nf3 g6 5. Bxf6 exf6 6. Nc3 a3 7. g3 Bg7 8. Bg2 O-O 9. O-O f5 10. d4 d6 11. Ne2 Nd7 12. c4 Nf6 13. b4 Ne4 14. Qb3 c5 15. bxc5 dxc5 16. Rad1 Qa5 17. Rd3 Ra7 18. Rb1 Re8 19. Qb6 Qxb6 20. Rxb6 cxd4 21. exd4 Ra4 22. c5 Be6 23. Nc1 Bd5 24. h4 h6 25. Nb3 Rc4 26. Na5 Ra4 27. Nb3 Kf8 28. Nfd2 Rd8 29. Bf3 Bc6 30. Rxc6 Nxd2 31. Rc7 Nxf3+ 32. Rxf3 Rb4 33. Rd3 Bxd4 34. Kg2 Bf6 35. Rd6 Be7 36. Rb6 Bxc5 37. Rxb4 Bxb4 38. Rxb7 Be7 39. Na5 Rc8 40. Ra7 Rc2 41. Kf3 Rxa2 42. Ra8+ Kg7 43. Nb3 Rb2 44. Nd4 Bc5 45. Ne2 a2 46. Ra5 g5 47. hxg5 hxg5 48. g4 f4 49. Ra4 Rb3+ 50. Ke4 Ra3 0-1


[Site "https://www.chess.com"]

[Event "Titled Tuesday Blitz October 04 Late 2022"]
[White "Kamsky, Gata"]
[Black "Erdogdu, Mert"]
[WhiteFideId "2000024"]
[BlackFideId "6301495"]
[WhiteElo "2666"]
[BlackElo "2413"]
[Result "1-0"]
[Round "10"]
[TimeControl "180+1"]
[Date "2022.10.04"]
[WhiteClock "0:01:11"]
[BlackClock "0:00:13"]

1. d4 d5 2. Bf4 e6 3. e3 Bd6 4. Nf3 Nf6 5. c3 c5 6. Bb5+ Nc6 7. Bxc6+ bxc6 8. Bxd6 Qxd6 9. Qa4 O-O 10. Nbd2 cxd4 11. cxd4 c5 12. Qa3 Ba6 13. dxc5 Qc6 14. Nd4 Qc8 15. f4 Re8 16. N4f3 Rb8 17. Rc1 Ne4 18. c6 Rb6 19. c7 Qb7 20. Nxe4 dxe4 21. Nd4 h6 22. b3 Kh7 23. Qc5 Rc8 24. Kf2 Bd3 25. Rc3 a5 26. Rhc1 a4 27. Qe7 axb3 28. axb3 Ra6 29. Kg3 Qd5 30. Qxf7 Ra2 31. Nxe6 1-0


[Site "https://www.chess.com"]

[Event "Titled Tuesday Blitz October 04 Late 2022"]
[White "Lazavik, Denis"]
[Black "Holt, Conrad"]
[WhiteFideId "13515110"]
[BlackFideId "2034387"]
[WhiteElo "2437"]
[BlackElo "2592"]
[Result "0-1"]
[Round "10"]
[TimeControl "180+1"]
[Date "2022.10.04"]
[WhiteClock "0:00:06"]
[BlackClock "0:00:35"]

1. d4 d5 2. c4 c6 3. Nf3 Nf6 4. Nc3 dxc4 5. a4 Bf5 6. Ne5 Nbd7 7. Nxc4 Nb6 8. Ne5 a5 9. f3 Nfd7 10. Nxd7 Nxd7 11. e4 Bg6 12. Be3 Qb6 13. Qd2 e5 14. d5 Bc5 15. Bxc5 Nxc5 16. Bc4 O-O 17. Rc1 Rad8 18. Qe2 Kh8 19. g4 h5 20. h3 Rd6 21. Kf1 cxd5 22. Nxd5 Qd8 23. b3 Ne6 24. Qf2 Qg5 25. Re1 h4 26. Qe3 f6 27. Kf2 Be8 28. Rd1 Bc6 29. Qxg5 fxg5 30. Ne7 Nd4 31. Nf5 Rdf6 32. Ke3 Nc2+ 33. Kd2 Nb4 34. Be2 Bd7 35. Ne3 Rc8 36. Nc4 Be6 37. Nxa5 Rc2+ 38. Ke1 b6 39. Nc4 Bxc4 40. bxc4 Ra2 41. Rd2 Rxa4 42. Kf2 Nc6 43. Rb1 Nd4 44. Rdb2 Ra3 45. Rxb6 Rxb6 46. Rxb6 Ra2 47. Rg6 Rxe2+ 48. Kf1 Rc2 49. Rxg5 Nxf3 50. Rf5 Nd2+ 51. Ke2 Nxc4+ 52. Kd3 Rc1 53. Rh5+ Kg8 54. Rxh4 Nd6 55. Rh5 Nf7 56. Rf5 Rh1 57. Rf3 Ng5 58. Rf5 Rxh3+ 59. Ke2 Nf7 60. Rxe5 Nxe5 0-1


[Site "https://www.chess.com"]

[Event "Titled Tuesday Blitz October 04 Late 2022"]
[White "Le, Tuan Minh"]
[Black "Bryakin, Mikhail"]
[WhiteFideId "12401153"]
[BlackFideId "4165314"]
[WhiteElo "2530"]
[BlackElo "2367"]
[Result "1/2-1/2"]
[Round "10"]
[TimeControl "180+1"]
[Date "2022.10.04"]
[WhiteClock "0:00:06"]
[BlackClock "0:00:08"]

1. d4 d5 2. Nf3 Nf6 3. Bf4 c5 4. c3 cxd4 5. cxd4 Nc6 6. Nc3 a6 7. Rc1 Bf5 8. e3 e6 9. Qb3 Bd6 10. Bg5 O-O 11. Be2 Na5 12. Qd1 h6 13. Bh4 Rc8 14. O-O Nc4 15. b3 Na5 16. Bd3 Bxd3 17. Qxd3 Be7 18. Na4 Rxc1 19. Rxc1 Ne4 20. Bg3 Bd6 21. Nd2 Nxg3 22. hxg3 Qe7 23. Nc5 Rc8 24. b4 Nc6 25. a3 Nb8 26. Ndb3 h5 27. Rc2 g6 28. Qe2 h4 29. gxh4 Qxh4 30. g3 Qe7 31. Kg2 Rc7 32. Rc1 Nd7 33. Rh1 Nf6 34. Qf3 b6 35. Nd3 Rc3 36. Nbc1 Rxa3 37. g4 Ne4 38. Qh3 Qf6 39. f4 Rc3 40. g5 Qg7 41. Kf3 Rc2 42. Rh2 Rxh2 43. Qxh2 Qf8 44. Qa2 Qc8 45. Ne2 Kg7 46. Ne5 Bxe5 47. dxe5 Qc4 48. Qb2 a5 49. bxa5 bxa5 50. Qa1 a4 51. Qb2 Qb3 52. Qc1 a3 53. Nd4 Qd3 54. Nxe6+ fxe6 55. Qc7+ Kf8 56. Qd8+ Kf7 57. Qd7+ Kf8 58. Qd8+ Kf7 59. Qd7+ Kf8 60. Qd8+ 1/2-1/2


[Site "https://www.chess.com"]

[Event "Titled Tuesday Blitz October 04 Late 2022"]
[White "Lewtak, Damian"]
[Black "Maksimovic, Bojan"]
[WhiteFideId "1141724"]
[BlackFideId "14408120"]
[WhiteElo "2329"]
[BlackElo "2447"]
[Result "0-1"]
[Round "10"]
[TimeControl "180+1"]
[Date "2022.10.04"]
[WhiteClock "0:01:38"]
[BlackClock "0:02:30"]

1. b3 Nf6 2. Bb2 g6 3. g3 Bg7 4. Bg2 d6 5. d4 c5 6. dxc5 Qa5+ 7. Nd2 Qxc5 8. Ngf3 Ng4 9. Ne4 Qb4+ 10. Nfd2 Bxb2 11. Rb1 Bg7 12. O-O O-O 13. h3 Nf6 14. Ng5 Nc6 15. Nc4 h6 16. Nf3 Qc5 17. a3 a5 18. Nb2 Ne4 19. Nd3 Qa7 20. Qc1 Nc3 0-1


[Site "https://www.chess.com"]

[Event "Titled Tuesday Blitz October 04 Late 2022"]
[White "Melkumyan, Hrant"]
[Black "Duda, Jan-Krzysztof"]
[WhiteFideId "13302485"]
[BlackFideId "1170546"]
[WhiteElo "2604"]
[BlackElo "2779"]
[Result "0-1"]
[Round "10"]
[TimeControl "180+1"]
[Date "2022.10.04"]
[WhiteClock "0:00:04"]
[BlackClock "0:00:14"]

1. Nf3 d5 2. e3 Nf6 3. c4 c6 4. Nc3 e6 5. b3 Bd6 6. Bb2 O-O 7. Be2 b6 8. O-O Bb7 9. d4 Nbd7 10. Qc2 Qe7 11. Rad1 Rad8 12. Rfe1 Rfe8 13. e4 dxe4 14. Nxe4 Nxe4 15. Qxe4 Bb4 16. Rf1 Bd6 17. Rfe1 Nf6 18. Qh4 c5 19. Ne5 cxd4 20. Bxd4 Bb4 21. Rf1 h6 22. Bf3 Bxf3 23. Nxf3 Nd7 24. Qg3 f6 25. Be3 Kh7 26. Nd4 Nb8 27. Qf3 Bc5 28. Rfe1 Bxd4 29. Bxd4 e5 30. Be3 Qe6 31. Qe4+ f5 32. Qb1 Nc6 33. Bd2 Qg6 34. Bc3 e4 35. Rxd8 Rxd8 36. Rd1 f4 37. Rxd8 Nxd8 38. Qd1 f3 39. g3 Ne6 40. h4 Qg4 41. Kh2 Nf4 42. Qf1 Nd3 43. Bd2 Qd7 44. Be3 Ne5 45. Qb1 Ng4+ 46. Kg1 Qf5 47. Qe1 Kh8 48. Bd2 Ne5 49. Be3 Qd7 50. Qd2 Qh3 0-1


[Site "https://www.chess.com"]

[Event "Titled Tuesday Blitz October 04 Late 2022"]
[White "Nakamura, Hikaru"]
[Black "Bortnyk, Olexandr"]
[WhiteFideId "2016192"]
[BlackFideId "14120828"]
[WhiteElo "2909"]
[BlackElo "2723"]
[Result "1-0"]
[Round "10"]
[TimeControl "180+1"]
[Date "2022.10.04"]
[WhiteClock "0:00:20"]
[BlackClock "0:00:01"]

1. d4 d6 2. e4 Nf6 3. Nc3 e5 4. Nf3 Nbd7 5. Bc4 Be7 6. O-O c6 7. a4 Qc7 8. Qe2 h6 9. h3 g5 10. a5 Nf8 11. d5 Rb8 12. Be3 a6 13. dxc6 Qxc6 14. Nd5 Ng6 15. Ra3 Nxd5 16. Bxd5 Qd7 17. Rc3 O-O 18. Nh2 Kg7 19. Ba7 Ra8 20. Bb6 Nf4 21. Qd2 Qb5 22. Bc4 Qb4 23. Rd1 Bd7 24. Nf1 Rac8 25. Ne3 Qxb2 26. Rb3 Qa2 27. Qb4 Be6 28. Bxe6 fxe6 29. Ra3 Rxc2 30. Rxa2 Rxa2 31. Qc4 Rb2 32. Rf1 Rf7 33. Qc8 h5 34. Bd8 Ng6 35. Bxe7 Rxe7 36. Rc1 Rb5 37. Rc7 Kf7 38. Rxe7+ Nxe7 39. Qd7 Rxa5 40. Nc4 Ra1+ 41. Kh2 1-0


[Site "https://www.chess.com"]

[Event "Titled Tuesday Blitz October 04 Late 2022"]
[White "Nasuta, Grzegorz"]
[Black "Fiorito, Francisco"]
[WhiteFideId "1141686"]
[BlackFideId "180165"]
[WhiteElo "2442"]
[BlackElo "2204"]
[Result "1-0"]
[Round "10"]
[TimeControl "180+1"]
[Date "2022.10.04"]
[WhiteClock "0:00:08"]
[BlackClock "0:00:10"]

1. e4 c5 2. Nf3 Nc6 3. Bb5 g6 4. Bxc6 dxc6 5. d3 Bg7 6. h3 Nf6 7. Nc3 O-O 8. Be3 b6 9. Qd2 e5 10. Bh6 Qd6 11. O-O Nh5 12. Bxg7 Nxg7 13. Nh2 Ne6 14. Ne2 c4 15. Rad1 cxd3 16. cxd3 Ba6 17. Qh6 f6 18. f4 exf4 19. Nxf4 Nd4 20. Rf2 Rf7 21. Ng4 Raf8 22. Kh1 f5 23. e5 Qe7 24. Nf6+ Rxf6 25. exf6 Qxf6 26. Re1 c5 27. Nd5 Qg7 28. Qf4 Qd7 29. Re7 Qxd5 30. Qh6 Qf7 31. Rxf7 Rxf7 32. Qe3 Bb7 33. Rf1 Nc6 34. Re1 Re7 35. Qf2 Rf7 36. Re8+ Kg7 37. Qe3 f4 38. Qe4 f3 39. gxf3 Nd4 40. Qe5+ Kh6 41. Qe3+ Kg7 42. Re7 Bxf3+ 43. Kh2 Rxe7 44. Qxe7+ Kh6 45. Qxa7 Bd5 46. Qxb6 Bxa2 47. Qxc5 Nf3+ 48. Kg3 Ng5 49. Qf8+ Kh5 50. b4 Be6 51. b5 Bxh3 52. b6 Be6 53. b7 1-0


[Site "https://www.chess.com"]

[Event "Titled Tuesday Blitz October 04 Late 2022"]
[White "Nepomniachtchi, Ian"]
[Black "Kollars, Dmitrij"]
[WhiteFideId "4168119"]
[BlackFideId "12909572"]
[WhiteElo "2781"]
[BlackElo "2584"]
[Result "1-0"]
[Round "10"]
[TimeControl "180+1"]
[Date "2022.10.04"]
[WhiteClock "0:01:57"]
[BlackClock "0:00:07"]

1. e4 e5 2. f4 exf4 3. Nf3 Nf6 4. e5 Nh5 5. Nc3 d6 6. d4 g6 7. Bc4 Bg7 8. exd6 Qxd6 9. Qe2+ Qe7 10. Qxe7+ Kxe7 11. Nd5+ Kd8 12. Nxf4 Nxf4 13. Bxf4 f6 14. O-O-O Nd7 15. Rhe1 Nb6 16. Bb3 a5 17. a3 a4 18. Ba2 Bf5 19. d5 Re8 20. d6 c6 21. Nd4 Rxe1 22. Rxe1 Nc8 23. Bf7 Bd7 24. Ne6+ Bxe6 25. Rxe6 Ra5 26. Re8+ Kd7 27. Rg8 Rf5 28. Be8+ Ke6 29. d7 Rxf4 30. dxc8=Q+ 1-0


[Site "https://www.chess.com"]

[Event "Titled Tuesday Blitz October 04 Late 2022"]
[White "Pakleza, Zbigniew"]
[Black "Tanenbaum, Zachary"]
[WhiteFideId "1119290"]
[BlackFideId "2060850"]
[WhiteElo "2411"]
[BlackElo "2175"]
[Result "1-0"]
[Round "10"]
[TimeControl "180+1"]
[Date "2022.10.04"]
[WhiteClock "0:00:05"]
[BlackClock "0:00:15"]

1. d4 d5 2. Bf4 Nf6 3. e3 c5 4. c3 Nc6 5. Nd2 Qb6 6. Qb3 c4 7. Qxb6 axb6 8. a3 b5 9. Rc1 Bf5 10. h3 h6 11. g4 Bg6 12. Bg2 e6 13. Ne2 Nd7 14. e4 Nb6 15. O-O Na4 16. Rc2 Kd7 17. Re1 Bd6 18. Bxd6 Kxd6 19. Nf4 Bh7 20. Nf1 Ne7 21. Ng3 Ng6 22. Nfh5 Rhg8 23. Rce2 Nh4 24. Bh1 dxe4 25. Nxe4+ Bxe4 26. Bxe4 Rab8 27. Kh2 b6 28. Kg3 g5 29. f4 Ng6 30. Bxg6 Rxg6 31. f5 exf5 32. gxf5 Rgg8 33. Nf6 Rgd8 34. Kg4 Rb7 35. Kh5 Rh8 36. Ne8+ Kd7 37. Re7+ Kc6 38. Rxb7 Kxb7 39. Re2 Kc6 40. Nf6 Kd6 41. Ng4 Kd7 42. Nxh6 Re8 43. Rg2 Re1 44. Nxf7 Rb1 45. Ne5+ Ke7 46. Kg6 Rxb2 47. f6+ Ke6 48. Rxb2 Nxb2 49. f7 Ke7 50. Kg7 Ke6 51. f8=Q Kd5 52. Qf3+ Ke6 53. Qf7+ Kd6 54. Qd7# 1-0


[Site "https://www.chess.com"]

[Event "Titled Tuesday Blitz October 04 Late 2022"]
[White "Remolar Gallen, Jose"]
[Black "Timmermans, Mark"]
[WhiteFideId "2215187"]
[BlackFideId "1026399"]
[WhiteElo "2214"]
[BlackElo "2460"]
[Result "0-1"]
[Round "10"]
[TimeControl "180+1"]
[Date "2022.10.04"]
[WhiteClock "0:00:04"]
[BlackClock "0:01:08"]

1. d4 Nf6 2. Nf3 e6 3. e3 d5 4. Bd3 Be7 5. O-O O-O 6. Nbd2 c5 7. b3 Nc6 8. Bb2 Bd7 9. a3 Qb6 10. Rb1 cxd4 11. exd4 Rac8 12. Qe2 Ne8 13. Ne5 Nxe5 14. dxe5 g6 15. Nf3 Ng7 16. b4 a6 17. Bd4 Qc7 18. Qe3 f6 19. Qh6 Bb5 20. exf6 Bxf6 21. Bxf6 Rxf6 22. Ng5 Nh5 23. Rbe1 Qg7 24. Qxg7+ Nxg7 25. Nf3 Bxd3 26. cxd3 Rc3 27. Rc1 Rxa3 28. Ne5 Nf5 29. Rc7 Nd6 30. Rd7 Nf7 0-1


[Site "https://www.chess.com"]

[Event "Titled Tuesday Blitz October 04 Late 2022"]
[White "Rustemov, Alexander"]
[Black "Janaszak, Dawid"]
[WhiteFideId "4119002"]
[BlackFideId "1119206"]
[WhiteElo "2774"]
[BlackElo "2226"]
[Result "1/2-1/2"]
[Round "10"]
[TimeControl "180+1"]
[Date "2022.10.04"]
[WhiteClock "0:00:03"]
[BlackClock "0:00:04"]

1. d4 e6 2. c4 c5 3. d5 exd5 4. cxd5 d6 5. Nc3 Nf6 6. e4 g6 7. Bd3 Bg7 8. h3 O-O 9. Nf3 b5 10. Bxb5 Nxe4 11. Nxe4 Qa5+ 12. Nfd2 Qxb5 13. Nxd6 Qa6 14. N2c4 Nd7 15. O-O Ne5 16. Nxc8 Raxc8 17. Nxe5 Bxe5 18. Re1 Bd4 19. Bg5 Bxb2 20. Rb1 Bd4 21. Be7 Qxa2 22. Re2 Qxd5 23. Bxf8 Rxf8 24. Qb3 Qf5 25. Rbe1 Kg7 26. g3 Qxh3 27. Re7 Qf5 28. R1e2 a6 29. Kg2 Qf6 30. Rb7 Qc6+ 31. Kg1 c4 32. Qb1 Qf3 33. Qe4 Bxf2+ 34. Kf1 Qxe4 35. Rxe4 Bxg3 36. Rxc4 h5 37. Kg2 h4 38. Rd4 g5 39. Rdd7 Kg6 40. Kh3 f6 41. Ra7 Re8 42. Rxa6 Re2 43. Kg4 Re4+ 44. Kh3 g4+ 45. Kg2 Re2+ 46. Kf1 Rf2+ 47. Kg1 h3 48. Ra1 f5 49. Kh1 f4 50. Rd5 Rh2+ 51. Kg1 Rg2+ 52. Kh1 Re2 53. Ra6+ Kf7 54. Rd7+ Ke8 55. Rd1 f3 56. Rb1 Bf4 57. Ra7 Re7 58. Rxe7+ Kxe7 59. Rb4 Be3 60. Rxg4 f2 61. Rf4 Bxf4 1/2-1/2


[Site "https://www.chess.com"]